 Dungeon Crawl Stone Soup version 0.21.1-1-g345015f (webtiles) character file.

61 Inarius the Shield-Bearer (level 4, -8/24 HPs)
             Began as a Vine Stalker Fighter on Feb 17, 2018.
             Killed by divine providence
             ... invoked by an orc priest
              (12 damage)
             ... on level 3 of the Dungeon.
             The game lasted 00:04:36 (2108 turns).

Inarius the Shield-Bearer (Vine Stalker Fighter)    Turns: 2108, Time: 00:04:36

Health: -8/24      AC:  7    Str: 20    XL:     4   Next: 7%
Magic:  0/5        EV:  7    Int:  8    God:
Gold:   143        SH:  9    Dex: 13    Spells: 3/3 levels left

rFire    . . .     SeeInvis .   a - +0 long sword
rCold    . . .     Gourm    .   c - +0 shield
rNeg     . . .     Faith    .   b - +0 scale mail
rPois    .         Spirit   +   n - +0 helmet
rElec    .         Reflect  .   (no cloak)
rCorr    .         Harm     .   (no gloves)
MR       .....                  (no boots)
Stlth    ..........             (no amulet)
HPRegen  0.48/turn              k - ring of flight
MPRegen  0.09/turn              (no ring)

@: lethally poisoned (-8 -> -9)
A: fangs 2, regeneration 1, magic shield, antimagic bite, no potion heal 3, rot
immunity
a: Evoke Flight


You were on level 3 of the Dungeon.
You were not hungry.

You visited 1 branch of the dungeon, and saw 3 of its levels.

You collected 143 gold pieces.

Inventory:

Hand Weapons
 a - a +0 long sword (weapon)
Armour
 b - a +0 scale mail (worn)
 c - a +0 shield (worn)
 n - a +0 helmet (worn)
Jewellery
 i - a cursed ring of teleportation {unknown}
 k - a ring of flight (left hand)
Wands
 r - a wand of random effects (32)
Scrolls
 e - 3 scrolls of teleportation {unknown}
 j - a scroll of magic mapping
 l - a scroll of amnesia {unknown}
 t - a scroll of enchant armour {unknown}
 u - a scroll of noise {unknown}
Potions
 d - a potion of might
 g - a potion of lignification {unknown}
 h - 2 potions of invisibility {unknown}
 m - 2 potions of agility {unknown}
 o - 2 potions of curing {unknown}
 p - a potion of flight {unknown}
 q - a potion of heal wounds {unknown}
Comestibles
 f - 8 rations
 s - 8 chunks of flesh


   Skills:
 + Level 3.1 Fighting
 + Level 2.3 Long Blades
 + Level 2.8 Armour
 + Level 3.3 Shields


You had 3 spell levels left.
You didn't know any spells.

Dungeon Overview and Level Annotations

Branches:
Dungeon (3/15)

Altars:
Ru
Vehumet


Innate Abilities, Weirdness & Mutations

You have extremely sharp teeth.
Your natural rate of healing is unusually fast.
When hurt, damage is shared between your health and your magic reserves.
Your bite disrupts and absorbs the magic of your enemies.
Potions cannot restore your health.
You are immune to rotting.


Message History

The orc wizard hits you but does no damage.
There is an open door here.
The bat hits you.
* * * LOW HITPOINT WARNING * * *
You closely miss the orc wizard.
The orc wizard is severely wounded.
You feel sick. The bat barely misses you.
You riposte.
You barely miss the bat. Your bite misses the bat.
The orc priest casts a cantrip, but nothing happens.
Your shield and scale mail prevent you from hitting the orc wizard.
The orc wizard is severely wounded.
You feel sick. You block the bat's attack. The bat hits you but does no damage.
The orc wizard hits you with a dagger.
* * * LOW HITPOINT WARNING * * *
The bat hits you but does no damage. You block the orc wizard's attack.
The bat barely misses you.
The orc priest calls down the wrath of Beogh upon you.
Beogh smites you!
Ouch! That really hurt!
You die...

...####'#........
.. #.#........ .
#.#........
#....##+###
####.# #######.#
........##
.........#
.......@.#
######.bo#
########'##
#......o{o# # .
#........o#.#....
#.........'......
#.........#.##+##
#.........#.#
#.........# .


You could see an orc priest, an orc wizard, 2 orcs and a bat.

Vanquished Creatures
  Robin (D:2)
  2 dart slugs
  A leopard gecko (D:1)
  10 goblins
  8 hobgoblins
  10 kobolds
  4 bats
  3 frilled lizards
  2 rats
41 creatures vanquished.

Notes
Turn   | Place    | Note
-------+----------+-------------------------------------------
     0 | D:1      | Inarius the Vine Stalker Fighter began the quest for the Orb.
     0 | D:1      | Reached XP level 1. HP: 11/11 MP: 2/2
   292 | D:1      | Reached XP level 2. HP: 15/16 MP: 3/3
   820 | D:2      | Found a radiant altar of Vehumet.
   820 | D:2      | Found a sacrificial altar of Ru.
   844 | D:2      | Noticed Robin
   999 | D:2      | Reached XP level 3. HP: 20/20 MP: 4/4
  1001 | D:2      | Killed Robin
  2018 | D:3      | Gained mutation: Your natural rate of healing is unusually fast. [Vine Stalker growth]
  2018 | D:3      | Reached XP level 4. HP: 24/24 MP: 5/5
  2108 | D:3      | Killed from afar by an orc priest

Skill      XL: |  1  2  3 |
---------------+----------+-----
Long Blades    | 2 |  2.3
Fighting       | 3 |  3.1
Shields        | 3 |  3.3
Armour         | |  2.8

Action                   |  1- 3 |  4- 6 || total
-------------------------+-------+-------++-------
Melee: Long sword        |    78 |    15 ||    93
       Bite              |    37 |     3 ||    40
       Falchion          |    31 |       ||    31
  Use: Scroll            |     4 |       ||     4
  Eat: Chunk             |     4 |       ||     4
Armor: Scale mail        |    47 |     9 ||    56
Dodge: Dodged            |    23 |     3 ||    26
Block: Shield            |    53 |    10 ||    63
       Rpst.: Long sword |     6 |     1 ||     7
       Falchion          |     1 |       ||     1
